 Dungeon Crawl Stone Soup version 0.30-a0-626-gd6a5dd7a1f (webtiles) character file.

Game seed: 5463538236470559658

4882 acebull12 the Thaumaturge (level 10, 0/70 HPs)
             Began as a Djinni Ice Elementalist on Jan 11, 2023.
             Was an Initiate of Ashenzari.
             Slain by a vampire (11 damage)
             ... on level 9 of the Dungeon.
             The game lasted 00:45:58 (10032 turns).

acebull12 the Thaumaturge (DjIE)                   Turns: 10032, Time: 00:45:59

Health: 0/70       AC:  2    Str:  9    XL:     10   Next: 79%
Gold:   671        EV: 13    Int: 24    God:    Ashenzari [......] SH:  4 Dex: 15

rFire   + + +      SeeInvis .    F - +2 dagger (venom)
rCold   . . .      Faith    .    L - +0 buckler {rC+ rF+}
rNeg    . . .      Spirit   .    a - +0 robe
rPois   ∞          Reflect  .    (no helmet)
rElec   .          Harm     .    (no cloak)
rCorr   .          Rampage  .    (no gloves)
Will    +....                    (boots unavailable)
Stlth   ++                       (no amulet)
HPRegen 0.31/turn                g - ring "I Foresaw This" {Int+6, Self, Cun} (curse)
MPRegen 0.00/turn                (no ring)

@: about to teleport, animating dead, flying
A: sickness immunity, fire resistance 2, cold vulnerability 1, float, innate
caster, HP casting, extra vitality 1
a: Renounce Religion, Curse Item, Shatter the Chains


You were on level 9 of the Dungeon.
You worshipped Ashenzari.
Ashenzari was noncommittal.
You visited 2 branches of the dungeon, and saw 10 of its levels.

You collected 671 gold pieces.

Inventory:

Hand Weapons
 y - a +2 dagger of speed
 F - a +2 dagger of venom (weapon)
Missiles
 c - 82 stones
 d - 17 poisoned darts
 o - a curare-tipped dart
 u - 2 throwing nets
Armour
 a - a +0 robe (worn)
 D - a +2 chain mail of willpower
 L - a +0 buckler of resistance (worn)
Jewellery
 g - the cursed ring "I Foresaw This" (left hand) {Int+6, Self, Cun}
   (You found it on level 1 of the Dungeon)

   [ring of intelligence]

   Int:       It affects your intelligence (+6).
   It has a curse which improves the following skills: Introspection: Fighting
   and Spellcasting.
   Cunning:   Dodging and Stealth.
Wands
 h - a wand of polymorph (11)
 w - a wand of flame (25)
 C - a wand of quicksilver (5)
 I - a wand of digging (8)
 K - a wand of roots (11)
Scrolls
 e - a scroll of enchant armour {unknown}
 i - 3 scrolls of immolation
 l - a scroll of teleportation
 n - 2 scrolls of fear
 t - a scroll of blinking {unknown}
 A - a scroll of enchant weapon {unknown}
 B - a scroll of summoning {unknown}
 G - a scroll of fog
 H - a scroll of poison {unknown}
Potions
 f - 2 potions of invisibility
 j - 5 potions of heal wounds
 k - 2 potions of degeneration {unknown}
 m - 5 potions of attraction
 p - a potion of ambrosia {unknown}
 q - 8 potions of curing
 s - 3 potions of berserk rage
 x - a potion of might {unknown}
 z - 2 potions of haste
 E - a potion of lignification {unknown}
 J - 2 potions of brilliance {unknown}
Miscellaneous
 b - a phantom mirror


   Skills:
 * Level 4.9(5.3) Fighting
 + Level 2.5 Short Blades
 + Level 4.1(4.5) Dodging
 + Level 2.9(3.3) Stealth
 * Level 2.2 Shields
 * Level 10.6(11.0) Spellcasting
 * Level 0.2 Evocations


You had 10 spell levels left.
You knew the following spells:

 Your Spells              Type           Power      Damage    Failure   Level
a - Freeze                Ice            100%       1d10      1%          1
b - Shock                 Conj/Air       100%       1d9       1%          1
c - Ozocubu's Armour      Ice            60%        N/A       1%          3
d - Summon Ice Beast      Ice/Summ       60%        N/A       1%          4
e - Frozen Ramparts       Ice            100%       1d16      1%          3
f - Call Imp              Summ           60%        N/A       1%          2
g - Mephitic Cloud        Conj/Pois/Air  60%        N/A       1%          3
h - Animate Dead          Necr           60%        N/A       1%          4
Your spell library was empty.

Dungeon Overview and Level Annotations

Branches:
Dungeon (9/15)             Temple (1/1) D:7            Lair (0/5) D:8
    Orc: D:9-12

Altars:
Ashenzari
Cheibriados
Dithmenos
Elyvilon
Fedhas
Gozag
Hepliaklqana
Makhleb
Nemelex Xobeh
Okawaru
Qazlal
Ru
Trog
Uskayaw
Wu Jian
Yredelemnul
Zin
The Shining One

Shops:
D:4 (   D:7 !

Annotations:
D:4 2 transporters, CraigOfTheCreek's ghost, amateur DrWn
D:6 1 runed translucent door, Hubris850's ghost, novice OpCj


Innate Abilities, Weirdness & Mutations

You are immune to sickness and miasma.
You are immune to poison.
Your flesh is very heat resistant. (rF++)
You are vulnerable to cold. (rC-)
You float through the air rather than walking.
You learn spells naturally, not from books.
Your magical power is your life essence.
You have superior vitality. (+4 MHP)


Message History

You are too confused!
Your frozen ramparts will break if you move.
Continue? [Y]es or [N]o only, please.
Your frozen ramparts will break if you move.
Continue?
Okay, then.
The vampire resists.
The wall freezes the vampire.
The vampire completely misses you. The vampire barely misses you.
The wall freezes the vampire but does no damage.
The vampire closely misses you. The vampire bites you.
The vampire resists.
The wall freezes the vampire.
The vampire completely misses you. The vampire bites you!
The wall freezes the vampire but does no damage.
The vampire barely misses you. The vampire misses you.
You feel less confused.
The vampire resists.
The wall freezes the vampire.
You block the vampire's attack. The vampire barely misses you.
You barely miss the vampire.
The vampire is severely damaged.
You hit the vampire but do no damage.
The vampire is severely damaged.
The vampire resists.
The wall freezes the vampire.
The vampire hits you. The vampire closely misses you.
The wall freezes the acid dragon.
You hit the vampire.
The vampire is severely damaged.
The vampire resists.
The wall freezes the vampire.
The vampire hits you! The vampire bites you.
* * * LOW HITPOINT WARNING * * *
The wall freezes the acid dragon.
You hit the vampire but do no damage.
The vampire is almost destroyed.
The vampire resists.
The wall freezes the vampire.
The vampire misses you. The vampire barely misses you.
The wall freezes the acid dragon.
You barely miss the vampire.
The vampire is almost destroyed.
The frozen ramparts melt away.
You block the vampire's attack. The vampire bites you!
* * * LOW HITPOINT WARNING * * *
As you read the scroll of teleportation, it crumbles to dust.
You feel strangely unstable. The vampire hits you!
You die...

... ######### ...#
########### #.......> ...#
###.........# #........ ...#
#.+........@###....(... ...#
#.#.........VD#........
...###.#.........#.'........
...##..#.........###........
.................# #...!....
...#######.......# #........
...#.....#.......# #........
...#.....#†####### #########
...#.._..'..#


You could see a vampire and an acid dragon.

Vanquished Creatures
  A manticore (D:7)
  Grinder (D:6)
  A hornet (D:7)
  A wyvern (D:8)
  4 yaks (D:8)
  A human (D:3)
  2 steam dragons
  A water moccasin (D:8)
  Pargi (D:3)
  4 orc warriors
  6 centaurs
  A phantom (D:5)
  4 kobold brigands
  2 bullfrogs
  3 scorpions
  3 howler monkeys
  3 orc priests (D:7)
  2 gnoll boudas
  Ijyb (D:5)
  3 hounds
  A human skeleton (D:3)
  2 iguanas
  8 orc wizards
  Robin (D:5)
  12 adders
  27 gnolls
  2 shadow imps
  2 worms (D:2)
  7 dart slugs
  38 orcs
  8 endoplasms
  3 giant cockroaches
  12 goblins
  5 hobgoblins
  15 jackals
  4 quokkas
  6 ball pythons
  7 bats
  3 frilled lizards
  A jackal zombie (D:3)
  16 kobolds
  5 rats
230 creatures vanquished.

Vanquished Creatures (collateral kills)
  A necrophage (D:8)
  2 gnolls (D:7)
  2 orcs (D:7)
5 creatures vanquished.

Vanquished Creatures (others)
  A gnoll zombie (D:6)
  6 orc zombies
  14 plants
21 creatures vanquished.

Grand Total: 256 creatures vanquished

Notes
Turn   | Place    | Note
-------+----------+-------------------------------------------
     0 | D:1      | acebull12 the Djinni Ice Elementalist began the quest for
                  | the Orb.
     0 | D:1      | acebull12 set off with the following spells memorised:
                  | Freeze, Frozen Ramparts, Ozocubu's Armour, Summon Ice
                  | Beast.
     0 | D:1      | Reached XP level 1. HP: 15/15 MP: 0/0
    57 | D:1      | Reached XP level 2. HP: 14/21 MP: 0/0
   407 | D:1      | Reached XP level 3. HP: 21/25 MP: 0/0
   407 | D:1      | Learned a level 1 spell: Shock
   838 | D:2      | Reached skill level 4 in Spellcasting
   913 | D:2      | Found a stormy altar of Qazlal.
   934 | D:2      | Reached XP level 4. HP: 23/31 MP: 0/0
  1572 | D:3      | Reached XP level 5. HP: 34/36 MP: 0/0
  1572 | D:3      | Learned a level 2 spell: Call Imp
  1652 | D:3      | Found a white marble altar of Elyvilon.
  1909 | D:3      | Found a runed translucent door.
  1909 | D:3      | Noticed a human
  2041 | D:3      | Found a basalt altar of Yredelemnul.
  2062 | D:3      | Killed a human
  2063 | D:3      | Reached skill level 1 in Fighting
  2063 | D:3      | Reached skill level 1 in Short Blades
  2063 | D:3      | Reached skill level 5 in Spellcasting
  2063 | D:3      | Reached XP level 6. HP: 14/42 MP: 0/0
  2284 | D:3      | Noticed Pargi
  2291 | D:3      | Killed Pargi
  2292 | D:3      | Reached XP level 7. HP: 35/48 MP: 0/0
  2292 | D:3      | Learned a level 3 spell: Mephitic Cloud
  2341 | D:3      | You are sucked into a shaft and drop 3 floors!
  2378 | D:5      | Entered Level 5 of the Dungeon
  2387 | D:4      | Found a transporter.
  2406 | D:4      | Identified the +4 halberd of a bailey {venom, Str+2}
  2429 | D:4      | Found an opulent altar of Gozag.
  2438 | D:4      | Found an opulent altar of Gozag.
  2438 | D:4      | Found an opulent altar of Gozag.
  2967 | D:4      | Found a shadowy altar of Dithmenos.
  2986 | D:4      | Found an opulent altar of Gozag.
  3040 | D:4      | Found Caerunki's Antique Weapon Shoppe.
  3104 | D:4      | Reached skill level 6 in Spellcasting
  3237 | D:4      | Noticed CraigOfTheCreek's ghost (amateur DrWn)
  3258 | D:4      | Found a transporter.
  3525 | D:4      | Reached XP level 8. HP: 32/55 MP: 0/0
  4129 | D:5      | Noticed Ijyb
  4129 | D:5      | Noticed Robin
  4350 | D:5      | Killed Ijyb
  4437 | D:5      | Killed Robin
  4712 | D:5      | Reached skill level 7 in Spellcasting
  4949 | D:5      | Reached XP level 9. HP: 31/61 MP: 0/0
  4949 | D:5      | Learned a level 4 spell: Animate Dead
  5124 | D:5      | Identified the +1 robe of Boredom {Rampage Int+2 Dex+5}
  5924 | D:6      | Noticed Grinder
  6081 | D:6      | Reached skill level 8 in Spellcasting
  6269 | D:6      | Identified the -1 helmet "Vado" {Contam rC+ Stlth+}
  6437 | D:6      | Found a runed translucent door.
  6437 | D:6      | Noticed Hubris850's ghost (novice OpCj)
  6473 | D:6      | Paralysed by Grinder for 4 turns
  6484 | D:6      | Paralysed by Grinder for 3 turns
  6492 | D:6      | Paralysed by Grinder for 3 turns
  6519 | D:6      | Killed Grinder
  7739 | D:7      | Found a staircase to the Ecumenical Temple.
  7746 | D:7      | Noticed a hornet
  7753 | D:7      | Killed a hornet
  7764 | Temple   | Entered the Ecumenical Temple
  7862 | Temple   | Became a worshipper of Ashenzari the Shackled
  7875 | D:7      | Found Mateus Fyk's Distillery.
  7904 | D:7      | Noticed a manticore
  7913 | D:7      | Killed a manticore
  7914 | D:7      | Reached skill level 1 in Shields
  7914 | D:7      | Reached skill level 9 in Spellcasting
  7914 | D:7      | Reached XP level 10. HP: 32/69 MP: 0/0
  8063 | D:7      | Found a burning altar of Makhleb.
  8710 | D:8      | Found a blossoming altar of Fedhas.
  8819 | D:8      | Found a staircase to the Lair.
  9007 | D:8      | Reached skill level 10 in Spellcasting
  9782 | D:9      | Found a bloodstained altar of Trog.
  9868 | D:9      | Found an iron altar of Okawaru.
 10032 | D:9      | Slain by a vampire

Illustrated notes

Levels and vault maps discovered:
D:1:      giann_horns, layout_basic, minmay_indecisive_spiral
D:2:      layout_basic, basic_altar, minivault_27, nicolae_wormholes
D:3:      layout_rooms, dk_yredelemnul_ordeal, elyvilon_altar_3, uniq_pargi
D:4:      cheibrodos_thug_alley, layout_rooms,
          nicolae_gozag_conspicuous_consumption, kennysheep_mini_moat,
          serial_shops, nicolae_shop_window_shopping,
          gammafunk_ghost_gnarly_gnolls, kennysheep_cluttered_room,
          chequers_jeans, lexackson_kobold_supper
D:5:      lemuel_castle_with_subvaults [lemuel_castle_interior_original],
          layout_basic, nicolae_goblin_pals
D:6:      layout_loops_corners, hellmonk_ghost_happy_afterlife, uniq_grinder
D:7:      layout_basic, kiku_gazebo_pond_becter, makhleb_heckhound_becter,
          minmay_temple_entry_slanted, serial_shops, nicolae_square_shop
D:8:      layout_basic, lemuel_doored_altar, lair_entry_dummy, minivault_4,
          chequers_serial_rivers_large_a
D:9:      layout_roguey, amcnicky_altar_gilded, nicolae_sif_muna_little_library,
          general_overflow_altar, special_room [special_room_orc]
Temple:   minmay_freezing_vapour_temple

Skill      XL: |  1  2  3  4  5  6  7  8  9 10 |
---------------+-------------------------------+-----
Spellcasting   | 4 5 6 7 9 10 | 10.6
Fighting       | 1 2 3 4 |  4.9
Short Blades   | 1 2 |  2.5
Stealth        | 2 |  2.9
Dodging        | 3 4 |  4.1
Shields        | 1 2 |  2.2
Evocations     | |  0.2

Action                   |  1- 3 |  4- 6 |  7- 9 | 10-12 || total
-------------------------+-------+-------+-------+-------++-------
Melee: Dagger            |    10 |    33 |    90 |    30 ||   163
       Punch             |     1 |       |     1 |       ||     2
 Cast: Freeze            |    37 |    13 |    45 |    17 ||   112
       Shock             |    13 |    60 |   275 |    55 ||   403
       Call Imp          |       |     1 |     1 |     1 ||     3
       Frozen Ramparts   |       |     1 |    17 |     8 ||    26
       Mephitic Cloud    |       |       |     5 |       ||     5
       Summon Ice Beast  |       |       |     5 |     1 ||     6
       Ozocubu's Armour  |       |       |     4 |     3 ||     7
       Animate Dead      |       |       |     3 |     2 ||     5
Invok: Curse Item        |       |       |       |     1 ||     1
  Use: Scroll            |       |       |    11 |     3 ||    14
 Stab: Sleeping          |     2 |     1 |       |       ||     3
Armor: Robe              |     7 |     4 |    26 |     3 ||    40
Dodge: Dodged            |    29 |    18 |    86 |    57 ||   190
Block: Buckler           |       |       |       |    11 ||    11

Table legend: (Time is in decaauts)
 A = Elapsed time spent in this place.
 B = Non-inter-level travel time spent in this place.
 C = Inter-level travel time spent in this place.
 D = Time resting spent in this place.
 E = Time spent auto-exploring this place.
 F = Levels seen in this place.
 G = Mean time per level.
                   A        B        C        D        E       F      G
               +--------+--------+--------+--------+--------+-----+--------+
         Total |  10007 |   9046 |    961 |   1142 |   5932 |  10 | 1000.7 |
       Dungeon |   9903 |   8942 |    961 |   1142 |   5841 |   9 | 1100.3 |
        Temple |    103 |    103 |      0 |      0 |     91 |   1 |  103.0 |
               +--------+--------+--------+--------+--------+-----+--------+

Top non-repeatable levels by time:
     D:5: 2208 daAuts
     D:6: 1501 daAuts
     D:4: 1232 daAuts
     D:7: 1111 daAuts
     D:8: 956 daAuts
     D:3: 931 daAuts
     D:1: 818 daAuts
     D:2: 747 daAuts
     D:9: 397 daAuts
  Temple: 103 daAuts
